 Dungeon Crawl Stone Soup version 0.19.5 (webtiles) character file.

181 Ponchio the Conjurer (level 5, -2/28 HPs)
             Began as a Deep Elf Conjurer on Sept 14, 2017.
             Killed from afar by Ponchio's ghost (8 damage)
             ... with a spray of energy
             ... on level 3 of the Dungeon.
             The game lasted 00:10:39 (2529 turns).

Ponchio the Conjurer (Deep Elf Conjurer)            Turns: 2529, Time: 00:10:39

Health: -2/28      AC:  2    Str:  5    XL:     5   Next: 34%
Magic:  9/15       EV: 13    Int: 21    God:
Gold:   140        SH:  0    Dex: 15    Spells: 3 memorised, 6 levels left

rFire  . . .     SeeInvis .     g - +2 dagger (venom)
rCold  . . .     Gourm    .     a - +0 robe
rNeg   . . .     Faith    .     (no shield)
rPois  .         Spirit   .     (no helmet)
rElec  .         Reflect  .     (no cloak)
rCorr  .         Harm     .     (no gloves)
MR     .....                    (no boots)
Stlth  ++........               (no amulet)
                                (no ring)
                                (no ring)

@: no status effects
A: no striking features
a: no special abilities


You were on level 3 of the Dungeon.
You were not hungry.

You visited 1 branch of the dungeon, and saw 5 of its levels.

You collected 140 gold pieces.

Inventory:

Hand Weapons
 f - a +0 dagger
 g - a +2 dagger of venom (weapon)
Armour
 a - a +0 robe (worn)
Wands
 l - a wand of random effects (34/48)
Scrolls
 d - 4 scrolls of identify {unknown}
 e - 2 scrolls of teleportation {unknown}
 j - 3 scrolls of enchant weapon {unknown}
 m - 4 scrolls of recharging {unknown}
 n - a scroll of fog {unknown}
 q - 2 scrolls of blinking {unknown}
 r - a scroll of remove curse {unknown}
 s - a scroll of enchant armour {unknown}
Potions
 h - a potion of lignification {unknown}
 i - a potion of haste {unknown}
Books
 b - a book of Conjurations

   Spells                             Type                      Level
   a - Magic Dart                     Conjuration                  1
   b - Searing Ray                    Conjuration                  2
   c - Dazzling Spray                 Conjuration/Hexes            3
   d - Fulminant Prism                Conjuration/Hexes            4
   e - Iskenderun's Mystic Blast      Conjuration                  4
   f - Iskenderun's Battlesphere      Conjuration/Charms           5
 t - a book of Cantrips

   Spells                             Type                      Level
   a - Confusing Touch                Hexes                        1
   b - Animate Skeleton               Necromancy                   1
   c - Summon Small Mammal            Summoning                    1
   d - Apportation                    Translocation                1
Comestibles
 c - 2 bread rations
 k - 2 royal jellies
 o - 2 meat rations
 p - a fruit


   Skills:
 - Level 2.4 Dodging
 - Level 2.4 Stealth
 - Level 5.5 Spellcasting
 - Level 5.9 Conjurations
 + Level 1.9 Charms


You had 6 spell levels left.
You knew the following spells:

 Your Spells              Type           Power        Failure   Level  Hunger
a - Magic Dart            Conj           ####         1%          1    None
b - Dazzling Spray        Conj/Hex       ###...       12%         3    ##.....
c - Iskenderun's Battles  Conj/Chrm      ###.....     67%         5    #####..


Dungeon Overview and Level Annotations

Branches:
Dungeon (5/15)
 Temple: D:4-7

Altars:
Ashenzari

Annotations:
D:3 Ponchio's ghost, novice DECj


Message History

You are confused.
The battlesphere fires!
The barrage of energy hits you!
You're too confused to cast spells.
You're too confused!
Unknown command.
You're too confused to cast spells.
Unknown command.
You're too confused!
Unknown command.
You're too confused to cast spells.
You bump into the rock wall.
You're too confused to move!
You hit Ponchio's ghost but do no damage.
Ponchio's ghost is lightly damaged.
You feel less confused. Ponchio's ghost hits you.
* * * LOW HITPOINT WARNING * * *
Ponchio's ghost gestures at you while chanting.
The spray of energy hits you!
You die...

######## #......# #......# ###
#......# ###### ...... #......#
#..*.# ..)...
####......#######....######......
...............(@.W........>.....
####......#######....###.........
#......# #....# #.#.......
#......# #....# #.#.#.....
######## ###...)###.........
........(##(..#.....
####......#.........
###.........##### #.##..##..#


You could see a battlesphere and Ponchio's ghost.

Vanquished Creatures
  A centaur skeleton (D:4)
  A worker ant (D:4)
  3 gnolls (D:2)
  4 adders
  A worm (D:3)
  A dart slug (D:1)
  2 leopard geckos
  3 ball pythons
  6 bats
  A giant cockroach (D:2)
  5 goblins
  9 hobgoblins
  12 kobolds
  5 frilled lizards
  7 rats
61 creatures vanquished.

Notes
Turn   | Place    | Note
-------+----------+-------------------------------------------
     0 | D:1      | Ponchio the Deep Elf Conjurer began the quest for the Orb.
     0 | D:1      | Reached XP level 1. HP: 10/10 MP: 6/6
   178 | D:1      | Reached XP level 2. HP: 15/15 MP: 6/8
   721 | D:2      | Found a shattered altar of Ashenzari.
   732 | D:1      | Reached XP level 3. HP: 7/19 MP: 0/10
  1029 | D:2      | Reached skill level 5 in Conjurations
  1374 | D:2      | Reached XP level 4. HP: 24/24 MP: 4/12
  1418 | D:2      | Reached skill level 5 in Spellcasting
  1527 | D:3      | Learned a level 3 spell: Dazzling Spray
  1533 | D:3      | You fall through a shaft for 2 floors!
  1533 | D:5      | Entered Level 5 of the Dungeon
  1753 | D:4      | Noticed a phantom
  1941 | D:4      | Reached XP level 5. HP: 23/28 MP: 1/15
  1952 | D:4      | Learned a level 5 spell: Iskenderun's Battlesphere
  2148 | D:3      | Reached skill level 1 in Charms
  2446 | D:3      | Noticed Ponchio's ghost (novice DECj)
  2529 | D:3      | Killed from afar by Ponchio's ghost

Skill      XL: |  1  2  3  4  5 |
---------------+----------------+-----
Spellcasting   | 4 5 |  5.5
Conjurations   | 5 |  5.9
Charms         | 1 |  1.9
Dodging        | |  2.4
Stealth        | |  2.4

Action                   |  1- 3 |  4- 6 || total
-------------------------+-------+-------++-------
Melee: Dagger            |       |     7 ||     7
 Cast: Magic Dart        |    77 |    59 ||   136
       Dazzling Spray    |       |     4 ||     4
 Stab: Invisible         |       |     1 ||     1
       Sleeping          |       |     1 ||     1
  Eat: Chunk             |     1 |     4 ||     5
Armor: Robe              |     1 |     1 ||     2
Dodge: Dodged            |    14 |    13 ||    27
